 Dungeon Sprint DCSS version 0.20-a0-269-g17f5411 (webtiles) character file.

2900000 Faca the Conqueror (level 22, -7/233 HPs)
             Began as a Green Draconian Berserker on Dec 8, 2016.
             Engulfed by a cloud of flame (9 damage)
             ... in the Dungeon (Sprint VIII: "Arena of Blood").
             The game lasted 00:02:53 (29 turns).

Faca the Conqueror (Green Draconian Berserker)        Turns: 29, Time: 00:02:54

Health: -7/233     AC: 11    Str: 19    XL:     22   Next: 80%
Magic:  21/53      EV: 34    Int: 11    God:
Gold:   0          SH:  0    Dex: 18    Spells: 75/75 levels left

rFire  . . .     SeeInvis .     i - +∞ Axe of Woe
rCold  . . .     Gourm    .     (armour unavailable)
rNeg   . . .     Faith    .     (shield currently unavailable)
rPois  +         Spirit   .     (helmet restricted)
rElec  .         Reflect  .     (no cloak)
rCorr  .         Harm     .     (no gloves)
MR     +....     NoTele   +     (no boots)
Stlth  +++++++++.               (no amulet)
                                (no ring)
                                (no ring)

@: no status effects
A: breathe noxious fumes, unfitting armour, stinger 1, poison resistance,
cold-blooded, AC +11
a: Breathe Noxious Fumes


You were in the Dungeon.
You were not hungry.

You visited 1 branch

Inventory:

Hand Weapons
 i - the +∞ Axe of Woe (weapon)
   (You found it in the Dungeon)
Scrolls
 h - a scroll of blinking
Potions
 c - a potion of curing
 d - a potion of heal wounds
 e - a potion of haste
 f - 2 potions of magic
 g - a potion of berserk rage
Comestibles
 b - a bread ration


   Skills:
 O Level 27 Fighting
 O Level 27 Axes
 O Level 27 Throwing
 O Level 27 Dodging
 O Level 27 Stealth
 O Level 27 Unarmed Combat
 O Level 27 Spellcasting


You had 75 spell levels left.
You didn't know any spells.

Dungeon Overview and Level Annotations

Branches:
Dungeon (1/1)

Altars:
Makhleb


Innate Abilities, Weirdness & Mutations

You can breathe blasts of noxious fumes.
Your lurid green scales are hard. (AC +11)
You cannot fit into any form of body armour.
Your tail ends in a poisonous barb.
Your system is resistant to poisons. (rPois)
You are cold-blooded and may be slowed by cold attacks.


Message History

The destroyer is wielding a +9 great sword of slicing.
You slash the bag of meat!
You cleave the bag of meat in twain.
You kill the bag of meat!
You slash the bag of meat! You chop the bag of meat into pieces.
You kill the bag of meat!
You are engulfed in roaring flames.
* * * LOW HITPOINT WARNING * * *
You hear a shout! x4
The destroyer blinks!
You hear a shout! x2
An orc and an ogre come into view.
You slice the bag of meat!!
You cleave the bag of meat in twain.
You kill the bag of meat!
You have reached level 22!
You slash the destroyer!
You butcher the destroyer messily.
You destroy the destroyer!
You hit the destroyer.
You cleave the destroyer in twain.
You destroy the destroyer!
You are engulfed in roaring flames.
You die...

.#... #... ..#
#..%..o###... ..###.
.o.........o###......
....#.......)_......
..#.%%%...#)))..#
.......O§§#_)<._# .
#.§..V§§#).)..#..
....#§.§§Ooo)V......
.O..o.)@§oC)###......
...O..)###oo.....###.
....... #.......#
..Oo... #..o....#
#..o... .........
O#.#... ..........
#o#.... ..........
C#.#...


You could see 2 destroyers, 2 large bags of meat, 6 meat berserkers and 12 bags
of meat.

Vanquished Creatures
  3 vampire knights (D)
  8 ogres (D)
  18 orcs (D)
  2 hill giants (D)
31 creatures vanquished.

Notes
Turn   | Place    | Note
-------+----------+-------------------------------------------
     0 | D        | Faca the Draconian Berserker began the quest for the Orb.
     0 | D        | Reached XP level 1. HP: 19/19 MP: 1/1
     3 | D        | Noticed a bag of meat
     3 | D        | Noticed a meat berserker
     4 | D        | Noticed a bag of meat
     4 | D        | Noticed a bag of meat
     4 | D        | Killed a meat berserker
     4 | D        | Reached XP level 2. HP: 57/57 MP: 2/2
     4 | D        | Reached XP level 3. HP: 64/64 MP: 3/3
     4 | D        | Reached XP level 4. HP: 72/72 MP: 4/4
     4 | D        | Reached XP level 5. HP: 80/80 MP: 5/5
     4 | D        | Reached XP level 6. HP: 88/88 MP: 6/6
     4 | D        | Your scales start taking on a lurid green colour.
     4 | D        | Reached XP level 7. HP: 95/95 MP: 7/7
     4 | D        | Gained mutation: Your system is resistant to poisons. (rPois) [Green Draconian growth]
     4 | D        | Reached XP level 8. HP: 103/103 MP: 8/8
     4 | D        | Reached XP level 9. HP: 111/111 MP: 9/9
     4 | D        | Reached XP level 10. HP: 118/118 MP: 10/10
     4 | D        | Reached XP level 11. HP: 126/126 MP: 11/11
     4 | D        | Reached XP level 12. HP: 134/134 MP: 12/12
     4 | D        | Reached XP level 13. HP: 141/141 MP: 13/13
     5 | D        | Noticed a bag of meat
     5 | D        | Noticed a meat berserker
     6 | D        | Killed a meat berserker
     6 | D        | Reached ** piety under Trog
     6 | D        | Gained mutation: Your tail ends in a poisonous barb. [Green Draconian growth]
     6 | D        | Reached XP level 14. HP: 157/157 MP: 14/14
     7 | D        | Noticed a bag of meat
     7 | D        | Killed a bag of meat
     8 | D        | Noticed a bag of meat
     8 | D        | Killed a bag of meat
     8 | D        | Reached XP level 15. HP: 170/170 MP: 15/15
     9 | D        | Noticed a meat berserker
     9 | D        | Noticed a meat berserker
    10 | D        | Noticed a meat berserker
    10 | D        | Reached *** piety under Trog
    10 | D        | Reached skill level 5 in Stealth
    10 | D        | Reached skill level 27 in Fighting
    11 | D        | Killed a meat berserker
    11 | D        | Reached skill level 27 in Axes
    11 | D        | Reached skill level 10 in Stealth
    11 | D        | Reached XP level 16. HP: 127/183 MP: 16/16
    12 | D        | Noticed a meat berserker
    13 | D        | Killed a meat berserker
    13 | D        | Reached **** piety under Trog
    13 | D        | Reached skill level 27 in Dodging
    13 | D        | Reached XP level 17. HP: 133/191 MP: 17/17
    14 | D        | Killed a meat berserker
    15 | D        | Noticed a meat berserker
    16 | D        | Noticed a large bag of meat
    16 | D        | Killed a meat berserker
    16 | D        | Reached XP level 18. HP: 141/200 MP: 18/18
    17 | D        | Killed a meat berserker
    18 | D        | Noticed a meat berserker
    19 | D        | Noticed a meat berserker
    19 | D        | Reached ***** piety under Trog
    19 | D        | Received a gift from Trog
    20 | D        | Reached XP level 19. HP: 147/207 MP: 19/19
    20 | D        | Received a gift from Trog
    21 | D        | Noticed a destroyer
    22 | D        | Noticed a destroyer
    22 | D        | Noticed a large bag of meat
    22 | D        | Noticed a destroyer
    23 | D        | Killed a meat berserker
    23 | D        | Reached skill level 27 in Throwing
    23 | D        | Reached skill level 27 in Unarmed Combat
    23 | D        | Reached skill level 27 in Stealth
    23 | D        | Reached XP level 20. HP: 94/216 MP: 20/20
    24 | D        | Received a gift from Trog
    24 | D        | Fell from the grace of Trog
    26 | D        | Noticed a meat berserker
    26 | D        | Noticed a destroyer
    26 | D        | Noticed a meat berserker
    26 | D        | Noticed a meat berserker
    27 | D        | Killed a destroyer
    27 | D        | Reached skill level 27 in Spellcasting
    27 | D        | Reached XP level 21. HP: 29/224 MP: 20/52
    27 | D        | HP: 11/224 [something (18)]
    28 | D        | Noticed a destroyer
    28 | D        | HP: 2/224 [something (9)]
    29 | D        | Reached XP level 22. HP: 2/233 MP: 21/53
    29 | D        | Killed a destroyer
    29 | D        | Killed a destroyer
    29 | D        | Engulfed by a cloud of flame

Vault maps used:
D:        meatsprint

Skill      XL: |  1  2  3  4  5  6  7  8  9 10 11 12 13 14 15 16 17 18 19 20 |
---------------+-------------------------------------------------------------+-----
Fighting       | 20 23 25 27 | 27.0
Axes           | 19 22 24 27 | 27.0
Dodging        | 17 20 21 26 27 | 27.0
Stealth        | 4 10 19 21 22 27 | 27.0
Throwing       | 17 22 27 | 27.0
Unarmed Combat | 18 24 27 | 27.0
Spellcasting   | 27 | 27.0

Action                   |  1- 3 |  4- 6 |  7- 9 | 10-12 | 13-15 | 16-18 | 19-21 | 22-24 || total
-------------------------+-------+-------+-------+-------+-------+-------+-------+-------++-------
Melee: Executioner's axe |     1 |       |       |       |     5 |     6 |     6 |       ||    18
 Stab: Distracted        |       |       |       |       |     1 |       |       |       ||     1
Dodge: Dodged            |       |       |       |       |       |     2 |     1 |       ||     3
